 Dungeon Crawl Stone Soup version 0.30-a0-800-g7c544603b3 (webtiles) character file.

Game seed: 12387719319309632115

49 BubbleThief the Grave Robber (level 3, -1/24 HPs)
             Began as a Demonspawn Necromancer on Feb 22, 2023.
             Slain by an orc
             ... wielding a +0 whip
              (3 damage)
             ... on level 4 of the Dungeon.
             The game lasted 00:03:32 (1563 turns).

BubbleThief the Grave Robber (DsNe)                 Turns: 1563, Time: 00:03:33

Health: -1/24      AC:  3    Str:  8    XL:     3   Next: 53%
Magic:  5/6        EV: 12    Int: 16    God:
Gold:   78         SH:  4    Dex: 15    Spells: 6/7 levels left

rFire   . . .      SeeInvis .    i - +2 whip (vamp)
rCold   . . .      Faith    .    (no shield)
rNeg    . . .      Spirit   .    a - +0 robe
rPois   .          Reflect  .    (no helmet)
rElec   .          Harm     .    (no cloak)
rCorr   .          Rampage  .    e - +0 pair of gloves
Will    .....                    (no boots)
Stlth   ++                       (no amulet)
HPRegen 0.24/turn                (no ring)
MPRegen 0.10/turn                (no ring)

@: no status effects
A: condensation shield
a: no special abilities


You were on level 4 of the Dungeon.
You visited 1 branch of the dungeon, and saw 3 of its levels.

You collected 78 gold pieces.

Inventory:

Hand Weapons
 h - a +0 whip of venom
 i - a +2 vampiric whip (weapon)
Armour
 a - a +0 robe (worn)
 e - a +0 pair of gloves (worn)
Scrolls
 c - 3 scrolls of teleportation {unknown}
 g - 2 scrolls of enchant armour {unknown}
 j - a scroll of fog {unknown}
 k - 3 scrolls of identify {unknown}
 l - a scroll of immolation {unknown}
 m - a scroll of vulnerability {unknown}
Potions
 b - 2 potions of magic
 d - a potion of heal wounds {unknown}
 f - a potion of brilliance {unknown}


   Skills:
 - Level 1.7 Dodging
 - Level 1.7 Stealth
 + Level 2.6 Spellcasting
 * Level 5.4 Necromancy


You had 6 spell levels left.
You knew the following spells:

 Your Spells              Type           Power      Damage    Failure   Level
a - Necrotise             Necr           76%        1d7       1%          1

Your spell library contained the following spells:

 Spells                   Type           Power      Damage    Failure   Level
 Vampiric Draining        Necr           19%        2d7       6%          3
 Sandblast                Erth           4%         2d4       21%         1
 Animate Dead             Necr           19%        N/A       21%         4
 Passwall                 Tmut/Erth      1%         N/A       30%         2
 Agony                    Necr           19%        N/A       50%         5
 Stone Arrow              Conj/Erth      4%         3d7       52%         3


Dungeon Overview and Level Annotations

Branches:
Dungeon (2/15)

Altars:


Innate Abilities, Weirdness & Mutations

A meltable shield of frost defends you. (SH +4)


Message History

The orc wizard writhes in agony.
Aiming: Necrotise (safe; 1% risk of failure)
Press: ? - help, Q - select action Shift-Dir - straight line, f/p - orc wizard
Aim: an orc wizard, wielding a +0 dagger and wearing a +0 robe (lightly wounded, chance to affect: 78%)
The orc wizard barely resists.
Aiming: Necrotise (safe; 1% risk of failure)
Press: ? - help, Q - select action Shift-Dir - straight line, f/p - orc wizard
Aim: an orc wizard, wielding a +0 dagger and wearing a +0 robe (lightly wounded, chance to affect: 78%)
The orc wizard writhes in agony.
You closely miss the orc wizard.
The orc wizard is moderately wounded.
The orc wizard hits you with a +0 dagger.
You hit the orc wizard.
The orc wizard is heavily wounded.
The orc wizard gestures at you while chanting.
The magic dart hits you!
You barely miss the orc wizard.
The orc wizard is heavily wounded.
The orc wizard hits you with a +0 dagger.
The orc hits you with a +0 whip.
* * * LOW HITPOINT WARNING * * *
Aiming: Necrotise (safe; 1% risk of failure)
Press: ? - help, Q - select action Shift-Dir - straight line, f/p - orc wizard
Aim: an orc wizard, wielding a +0 dagger and wearing a +0 robe (heavily wounded, chance to affect: 78%)
The orc wizard writhes in agony.
The orc hits you with a +0 whip.
* * * LOW HITPOINT WARNING * * *
The orc wizard points at you and mumbles some strange words.
You resist with significant effort.
You aren't carrying any items that you can evoke.
Okay, then.
Magic courses through your body. The orc misses you.
The orc wizard hits you with a +0 dagger.
* * * LOW HITPOINT WARNING * * *
Aiming: Necrotise (safe; 1% risk of failure)
Press: ? - help, Q - select action Shift-Dir - straight line, f/p - orc wizard
Aim: an orc wizard, wielding a +0 dagger and wearing a +0 robe (severely wounded, chance to affect: 78%)
The orc wizard writhes in agony.
The orc hits you with a +0 whip.
You die...

#...........
##.......... ##.........
##........ ####
##.####... ####... ##.##
## ......... ##..#
......... #######..##
........###...)o@..##
...............o....#
....................##
.....................#
.o...................#
.....................##
.......[..............#
o.....................##
.......................#


You could see an orc wizard and an orc.

Vanquished Creatures
  A worm (D:2)
  An orc (D:4)
  8 bats
  7 endoplasms
  A giant cockroach (D:1)
  2 goblins (D:1)
  2 hobgoblins
  A quokka (D:2)
  2 ball pythons
  4 frilled lizards (D:1)
  7 kobolds
  4 rats
40 creatures vanquished.

Vanquished Creatures (collateral kills)
  A dart slug (D:2)
1 creature vanquished.

Vanquished Creatures (others)
  7 plants (D:2)
7 creatures vanquished.

Grand Total: 48 creatures vanquished

Notes
Turn   | Place    | Note
-------+----------+-------------------------------------------
     0 | D:1      | BubbleThief the Demonspawn Necromancer began the quest for
                  | the Orb.
     0 | D:1      | Reached XP level 1. HP: 13/13 MP: 3/3
   297 | D:1      | Gained mutation: A meltable shield of frost defends you.
                  | (SH +4) [demonic ancestry]
   297 | D:1      | Reached XP level 2. HP: 19/19 MP: 1/5
   466 | D:1      | Reached skill level 5 in Necromancy
   732 | D:1      | Reached XP level 3. HP: 24/24 MP: 2/6
  1445 | D:2      | You fall into a shaft and drop 2 floors!
  1563 | D:4      | Slain by an orc

Illustrated notes

Levels and vault maps discovered:
D:1:      co_arrival_square_in_a_square_in_a_square, layout_basic,
          minmay_unequal
D:2:      layout_basic, chequers_ecumenical_altar_island, minivault_4,
          serial_bayou_lagoon_a, dreamdust_princess_corridor, st_stairs_9,
          grunt_ministairs_14
D:4:      layout_cave_pods

Skill      XL: |  1  2 |
---------------+-------+-----
Necromancy     | 5 |  5.4
Dodging        | |  1.7
Stealth        | |  1.7
Spellcasting   | |  2.6

Action                     || total
---------------------------++-------
  Melee: Whip              ||    19
         Unarmed           ||     9
         Punch             ||     1
   Cast: Necrotise         ||    67
    Use: Potion            ||     1
 Armour: Robe              ||     6
  Dodge: Dodged            ||    16
  Block: Other             ||     3

Table legend: (Time is in decaauts)
 A = Elapsed time spent in this place.
 B = Non-inter-level travel time spent in this place.
 C = Inter-level travel time spent in this place.
 D = Time resting spent in this place.
 E = Time spent auto-exploring this place.
 F = Levels seen in this place.
 G = Mean time per level.
                   A        B        C        D        E       F      G
               +--------+--------+--------+--------+--------+-----+--------+
         Total |   1575 |   1537 |     38 |      0 |   1258 |   3 |  525.0 |
       Dungeon |   1575 |   1537 |     38 |      0 |   1258 |   3 |  525.0 |
               +--------+--------+--------+--------+--------+-----+--------+

Top non-repeatable levels by time:
     D:1: 814 daAuts
     D:2: 643 daAuts
     D:4: 118 daAuts
